 Dungeon Crawl Stone Soup version 0.29-a0-251-g80730f7218 (webtiles) character file.

Game seed: 588905533520718777

18 Ordine the Slasher (level 2, -3/17 HPs)
             Began as a Tengu Warper on Mar 5, 2022.
             Slain by a hobgoblin
             ... wielding a +0 mace
              (6 damage)
             ... on level 1 of the Dungeon.
             The game lasted 00:01:41 (323 turns).

Ordine the Slasher (Tengu Warper)                    Turns: 323, Time: 00:01:41

Health: -3/17      AC:  4    Str: 11    XL:     2   Next: 70%
Magic:  6/6        EV: 11    Int: 13    God:
Gold:   21         SH:  0    Dex: 13    Spells: 5/5 levels left

rFire   . . .      SeeInvis .   a - +0 falchion
rCold   . . .      Faith    .   (no shield)
rNeg    . . .      Spirit   .   b - +0 leather armour
rPois   .          Reflect  .   (helmet restricted)
rElec   .          Harm     .   (no cloak)
rCorr   .          Rampage  .   h - +0 pair of gloves
Will    .....                   (boots unavailable)
Stlth   +.........              (no amulet)
HPRegen 0.05/turn               (no ring)
MPRegen 0.10/turn               (no ring)

@: no status effects
A: beak, talons 3
a: no special abilities


You were on level 1 of the Dungeon.
You visited 1 branch of the dungeon, and saw 1 of its levels.

You collected 21 gold pieces.

Inventory:

Hand Weapons
 a - a +0 falchion (weapon)
Missiles
 d - 5 boomerangs of dispersal
Armour
 b - a +0 leather armour (worn)
 h - a +0 pair of gloves (worn)
 k - a +2 scale mail of cold resistance
Jewellery
 i - an amulet of guardian spirit
Scrolls
 c - a scroll of blinking
 e - 2 scrolls of identify {unknown}
 g - 2 scrolls of enchant weapon {unknown}
 j - a scroll of torment {unknown}
Potions
 f - a potion of curing {unknown}


   Skills:
 + Level 2.3 Fighting
 * Level 2.9 Long Blades
 + Level 1.4 Throwing
 - Level 1.1 Armour
 - Level 2.1 Dodging
 - Level 2.0 Spellcasting
 - Level 2.4 Translocations


You had 5 spell levels left.
You didn't know any spells.
Your spell library contained the following spells:

 Spells                   Type           Power      Damage    Failure   Level
 Blink                    Tloc           14%        N/A       19%         2
 Gell's Gravitas          Tloc           7%         N/A       36%         3
 Lesser Beckoning         Tloc           7%         N/A       36%         3
 Teleport Other           Tloc           7%         N/A       36%         3
 Manifold Assault         Tloc           7%         N/A       98%         5


Dungeon Overview and Level Annotations

Branches:
Dungeon (1/15)

Altars:


Innate Abilities, Weirdness & Mutations

You have a beak for a mouth.
You have claws for feet.


Message History

Things that are here:
a frilled lizard corpse; a frilled lizard corpse You slash the kobold!
You kill the kobold!
No target in view!
No target in view!
i - an amulet of guardian spirit
Things that are here:
a +0 dagger; 4 stones; a kobold corpse A goblin comes into view.
It is wielding a +0 club.
No target in view!
Found 5 javelins and a dagger.
You see here a scroll labelled HILIW XETOMAQ.
j - a scroll labelled HILIW XETOMAQ The goblin shouts!
The hobgoblin shouts!
You see here a +2 scale mail of cold resistance.
k - a +2 scale mail of cold resistance The goblin throws a stone.
The stone hits you.
You closely miss the goblin. The goblin hits you with a +0 club.
The goblin hits you but does no damage.
You are too injured to fight recklessly!
You are too injured to fight recklessly!
You barely miss the goblin. You claw the goblin.
You kill the goblin!
You hit the hobgoblin.
The hobgoblin is heavily wounded.
The hobgoblin completely misses you. The hobgoblin misses you.
You hit the hobgoblin but do no damage. Your kick misses the hobgoblin.
Your peck misses the hobgoblin.
The hobgoblin is heavily wounded.
The hobgoblin hits you with a +0 mace.
* * * LOW HITPOINT WARNING * * *
Things that are here:
a +0 dagger; 4 stones; a kobold corpse
Things that are here:
a frilled lizard corpse; a frilled lizard corpse You closely miss the hobgoblin.
The hobgoblin is heavily wounded.
The hobgoblin hits you with a +0 mace.
You die...

.. #. #..# .# #.# .)## #..# .#
#.# ##...## #..# .# #.# .......
#.)###.# #.# #......## #..##..
#.# ........# #..##.# ##### #.#
........###..##.###...###.#####
.........)..)g@#..............#
.........##.###.###...######...
......##....# #.# ##### ##.#
.#(.. ...### #.# #.# ...# #...#
#.# #.# .# #...# #.# #.#
##...#####.# #.#
.....#.....########## #.#
....................# #.#


You could see a hobgoblin.

Vanquished Creatures
  A dart slug (D:1)
  3 ball pythons (D:1)
  4 endoplasms (D:1)
  A goblin (D:1)
  A hobgoblin (D:1)
  A quokka (D:1)
  2 frilled lizards (D:1)
  2 kobolds (D:1)
15 creatures vanquished.

Notes
Turn   | Place    | Note
-------+----------+-------------------------------------------
     0 | D:1      | Ordine the Tengu Warper began the quest for the Orb.
     0 | D:1      | Reached XP level 1. HP: 12/12 MP: 4/4
   106 | D:1      | Reached XP level 2. HP: 14/17 MP: 6/6
   323 | D:1      | Slain by a hobgoblin

Illustrated notes

Levels and vault maps discovered:
D:1:      scummos_arrival_forest, layout_loops_ring

Action                   || total
-------------------------++-------
Melee: Falchion          ||    30
       Kick              ||     4
Armor: Leather armour    ||     8
Dodge: Dodged            ||    20

Table legend: (Time is in decaauts)
 A = Elapsed time spent in this place.
 B = Non-inter-level travel time spent in this place.
 C = Inter-level travel time spent in this place.
 D = Time resting spent in this place.
 E = Time spent auto-exploring this place.
 F = Levels seen in this place.
 G = Mean time per level.
                   A        B        C        D        E       F      G
               +--------+--------+--------+--------+--------+-----+--------+
         Total |    327 |    327 |      0 |      0 |    220 |   1 |  327.0 |
       Dungeon |    327 |    327 |      0 |      0 |    220 |   1 |  327.0 |
               +--------+--------+--------+--------+--------+-----+--------+

Top non-repeatable levels by time:
     D:1: 327 daAuts
